 Dungeon Crawl Stone Soup version 0.28-a0-1510-gd0f6b136d3 (webtiles) character file.

Game seed: 12300200114369622919

6004 mopl the Covert (level 10, -2/68 HPs)
             Began as an Octopode Delver on Jan 13, 2022.
             Was a Believer of Dithmenos.
             Slain by a water moccasin (3 damage)
             ... on level 10 of the Dungeon on Jan 14, 2022.
             The game lasted 00:14:27 (10467 turns).

mopl the Covert (Octopode Delver)                  Turns: 10467, Time: 00:14:28

Health: -2/68      AC:  1    Str:  7    XL:     10   Next: 85%
Magic:  13/13      EV: 16    Int: 12    God:    Dithmenos [**....]
Gold:   502        SH:  6    Dex: 21    Spells: 7/9 levels left

rFire   . . .      SeeInvis .   b - +8 dagger of Jecioblu {vorpal, rElec Str-4 Dex+2 Stlth+}
rCold   . . .      Faith    .   n - +0 buckler
rNeg    . . .      Spirit   .   (helmet restricted)
rPois   .          Reflect  .   s - amulet of the acrobat
rElec   +          Harm     .   F - ring of willpower
rCorr   .          Rampage  .   (no ring)
Will    +....                   (no ring)
Stlth   +++++++++.              (no ring)
HPRegen 0.21/turn               (no ring)
MPRegen 0.13/turn               (no ring)
                                (no ring)
                                (no ring)

@: attractive, wreathed by umbra
A: almost no armour, amphibious, 8 rings, camouflage 1, gelatinous body 1,
(nimble swimmer 1), tentacles
a: Renounce Religion, Shadow Step


You were on level 10 of the Dungeon.
You worshipped Dithmenos.
Dithmenos was pleased with you.
You visited 2 branches of the dungeon, and saw 11 of its levels.

You collected 502 gold pieces.

Inventory:

Hand Weapons
 a - a +0 falchion
 b - the +8 dagger of Jecioblu (weapon) {vorpal, rElec Str-4 Dex+2 Stlth+}
   (You found it on level 5 of the Dungeon)

   It inflicts extra damage upon your enemies.
   Str:       It affects your strength (-4).
   Dex:       It affects your dexterity (+2).
   rElec:     It insulates you from electricity.
   Stlth:     It makes you more stealthy.
Missiles
 l - 6 silver boomerangs
 p - 23 poisoned darts (quivered)
 u - 7 curare-tipped darts
 G - 2 throwing nets
 O - 3 boomerangs
Armour
 n - a +0 buckler (worn)
 N - a +0 kite shield
Magical Staves
 Q - a staff of fire
Jewellery
 s - an amulet of the acrobat (around mantle)
 w - an amulet of faith {!P}
 F - a ring of willpower (left tentacle)
 L - a ring of ice
Wands
 f - a wand of digging (3)
 q - a wand of flame (8)
 x - a wand of polymorph (8)
 y - a wand of mindburst (1)
Scrolls
 c - 2 scrolls of magic mapping
 d - a scroll of acquirement {unknown}
 i - 4 scrolls of vulnerability {unknown}
 j - a scroll of blinking {unknown}
 k - 4 scrolls of teleportation {unknown}
 o - 4 scrolls of identify {unknown}
 v - 2 scrolls of fog
 C - a scroll of enchant armour {unknown}
 D - 2 scrolls of immolation {unknown}
 E - a scroll of amnesia {unknown}
 H - a scroll of enchant weapon {unknown}
 J - a scroll of noise {unknown}
 K - a scroll of summoning {unknown}
 P - a scroll of holy word {unknown}
Potions
 e - 2 potions of haste
 g - 3 potions of attraction
 h - a potion of lignification {unknown}
 m - 2 potions of heal wounds {unknown}
 r - 6 potions of curing
 t - 2 potions of mutation {unknown}
 z - a potion of magic {unknown}
 A - a potion of brilliance {unknown}
 B - a potion of degeneration {unknown}
 I - a potion of berserk rage {unknown}
 M - a potion of invisibility {unknown}


   Skills:
 + Level 6.2 Fighting
 * Level 8.2 Long Blades
 + Level 3.2 Throwing
 + Level 5.8 Dodging
 - Level 10.0 Stealth
 - Level 4.0 Shields
 + Level 5.1 Transmutations
 + Level 5.1 Earth Magic
 + Level 4.4 Invocations


You had 7 spell levels left.
You knew the following spells:

 Your Spells              Type           Power      Damage    Failure   Level
p - Passwall              Tmut/Erth      10%        N/A       8%          2

Your spell library contained the following spells:

 Spells                   Type           Power      Damage    Failure   Level
 Sandblast                Erth           24%        2d8       5%          1
 Stone Arrow              Conj/Erth      12%        3d7       41%         3
 Blink                    Tloc           0%         N/A       54%         2
 Ignite Poison            Fire/Tmut/Pois 4%         N/A       54%         3
 Call Canine Familiar     Summ           0%         N/A       77%         3
 Conjure Flame            Conj/Fire      0%         6-21      77%         3
 Lesser Beckoning         Tloc           0%         N/A       77%         3
 Portal Projectile        Hex/Tloc       0%         N/A       77%         3
 Leda's Liquefaction      Hex/Erth       3%         N/A       83%         4
 Sticky Flame             Conj/Fire      0%         2d3       99%         4
 Manifold Assault         Tloc           0%         N/A       100%        5
 Conjure Ball Lightning   Conj/Air       0%         3x3d6     100%        6
 Discord                  Hex            0%         N/A       100%        8
 Disjunction              Tloc           0%         N/A       100%        8


Dungeon Overview and Level Annotations

Branches:
Dungeon (10/15)            Temple (1/1) D:5            Lair (0/6) D:8
    Orc: D:9-12

Altars:
Ashenzari
Dithmenos
Elyvilon
Fedhas
Gozag
Hepliaklqana
Makhleb
Nemelex Xobeh
Okawaru
Ru
Sif Muna
Trog
Vehumet
Wu Jian
Xom
Yredelemnul
Zin
The Shining One

Portals:
Abyss: D:4

Annotations:
D:4 2 transporters, p0werm0de's ghost, amateur MiCK
D:7 exclusion: statue


Innate Abilities, Weirdness & Mutations

You cannot wear most types of armour.
You are amphibious.
You can wear up to eight rings at the same time.
Your skin changes colour to match your surroundings (Stealth+).
Your rubbery body absorbs attacks. (AC +1, EV +1)
((You are camouflaged when in or above water. (Stealth+)))
You have tentacles for arms and can constrict up to eight enemies at once.


Message History

Dithmenos accepts your kill. The adder closely misses you.
Unknown command.
Unknown command.
Unknown command.
Saving game... please wait.
Welcome back, mopl the Octopode Delver.
Dithmenos says: Spread the eternal night.
Press ? for a list of commands and other information.
You completely miss the adder. You grab the adder. You constrict the adder.
The adder bites you.
* * * LOW HITPOINT WARNING * * *
You hit the adder. You squeeze the adder.
The adder is severely wounded.
You constrict the adder, but do no damage.
You block the adder's attack.
You puncture the adder!
You kill the adder!
Dithmenos accepts your kill.
You hit the adder. Your grab misses the adder. Your squeeze misses the adder.
The adder is severely wounded.
The adder closely misses you.
You hit the adder.
You kill the adder!
Dithmenos accepts your kill.
A water moccasin comes into view.
The water moccasin is attracted toward you.
Unknown command.
You hit the water moccasin. You grab the water moccasin.
You squeeze the water moccasin!
The water moccasin is heavily wounded.
You constrict the water moccasin. The water moccasin bites you!
* * * LOW HITPOINT WARNING * * *
You are lethally poisoned!
The water moccasin poisons you!
You feel better.
You constrict the water moccasin. The water moccasin bites you!
* * * LOW HITPOINT WARNING * * *
The water moccasin bites you.
You die...

#≈# #..#####..# #≈≈####
###†........#
#†#≈≈###.#.######..####
#..##≈≈≈≈≈†....#
#).....
#...≈≈≈≈≈≈≈≈≈≈≈#
#>.....
#S..#≈≈#≈####≈≈#
#....<. ###
#≈≈#≈†.###≈# #......
#≈##.#†# #≈# #...... #≈
###@# ### #.....< #≈
#S.# #######...... ≈≈
#.## #............ ≈
§.# #............ .##
######....... .#
#....... # #.......
#....... #.......


You could see a water moccasin.

Vanquished Creatures
  A two-headed ogre (D:8)
  A gargoyle (D:8)
  A troll (D:9)
  Sigmund (D:4)
  A shadow (D:10)
  3 yaks (D:8)
  A wyvern (D:9)
  Menkaure (D:7)
  9 water moccasins
  An ice beast (D:5)
  An orc warrior (D:8)
  3 sky beasts
  6 centaurs
  An ogre (D:6)
  A bullfrog (D:9)
  A kobold brigand (D:5)
  2 gnoll sergeants
  A wyvern zombie (D:7)
  3 scorpions
  A killer bee (D:8)
  3 wights (D:8)
  7 electric eels
  A centaur zombie (D:9)
  3 jellies
  5 orc priests
  2 bullfrog zombies (D:5)
  A gnoll shaman (D:6)
  8 orc wizards
  A scorpion zombie (D:5)
  A killer bee zombie (D:6)
  16 gnolls
  A howler monkey skeleton (D:6)
  10 adders
  2 white imps (D:8)
  5 worms
  2 dart slugs
  21 orcs
  4 ball pythons
  3 bats
  9 endoplasms
  3 giant cockroaches
  8 goblins
  6 hobgoblins
  4 quokkas
  A frilled lizard (D:1)
  29 kobolds
  A quokka skeleton (D:4)
197 creatures vanquished.

Vanquished Creatures (others)
  An orc (D:9)
  22 plants
23 creatures vanquished.

Grand Total: 220 creatures vanquished

Notes
Turn   | Place    | Note
-------+----------+-------------------------------------------
     0 | D:5      | mopl the Octopode Delver began the quest for the Orb.
     0 | D:5      | Reached XP level 1. HP: 16/16 MP: 1/1
    24 | D:5      | Noticed a water moccasin
   388 | D:2      | Reached XP level 2. HP: 11/21 MP: 2/2
   675 | D:1      | Reached XP level 3. HP: 26/26 MP: 3/3
   689 | D:1      | Learned a level 2 spell: Passwall
  1231 | D:1      | Found a hazy altar of Hepliaklqana.
  1945 | D:3      | Reached skill level 3 in Long Blades
  1945 | D:3      | Reached skill level 7 in Stealth
  1945 | D:3      | Reached XP level 4. HP: 11/31 MP: 4/4
  2432 | D:3      | Identified the +0 leather armour of Qazlal's Grace {Will+
                  | Dex+3}
  3078 | D:4      | Noticed Sigmund
  3223 | D:4      | Killed Sigmund
  3224 | D:4      | Reached skill level 3 in Dodging
  3224 | D:4      | Reached skill level 1 in Shields
  3224 | D:4      | Reached skill level 1 in Transmutations
  3224 | D:4      | Reached skill level 1 in Earth Magic
  3224 | D:4      | Reached XP level 5. HP: 17/37 MP: 5/5
  3224 | D:4      | Reached XP level 6. HP: 19/43 MP: 6/6
  3461 | D:4      | Found a transporter.
  3895 | D:4      | Found a basalt altar of Yredelemnul.
  3978 | D:4      | Reached skill level 4 in Long Blades
  3997 | D:4      | Found a transporter.
  4018 | D:4      | Found a one-way gate to the infinite horrors of the Abyss.
  4018 | D:4      | Noticed p0werm0de's ghost (amateur MiCK)
  4042 | D:4      | Noticed a small abomination
  4649 | D:5      | Identified the +8 dagger of Jecioblu {vorpal, rElec Str-4
                  | Dex+2 Stlth+}
  4688 | D:5      | Reached XP level 7. HP: 46/47 MP: 7/7
  4754 | D:5      | Reached skill level 4 in Fighting
  4754 | D:5      | Reached skill level 2 in Transmutations
  4754 | D:5      | Reached skill level 2 in Earth Magic
  4956 | D:5      | Reached skill level 2 in Shields
  5399 | D:5      | Reached skill level 8 in Stealth
  5471 | D:5      | Reached skill level 5 in Long Blades
  5471 | D:5      | Reached XP level 8. HP: 54/54 MP: 8/8
  5544 | D:5      | Found a staircase to the Ecumenical Temple.
  5563 | Temple   | Entered the Ecumenical Temple
  5726 | Temple   | Became a worshipper of Dithmenos the Shadowed
  6245 | D:6      | Reached skill level 4 in Dodging
  6245 | D:6      | Reached skill level 3 in Transmutations
  6245 | D:6      | Reached skill level 3 in Earth Magic
  6273 | D:6      | Reached skill level 1 in Invocations
  6879 | D:6      | Reached skill level 3 in Shields
  7059 | D:6      | Found a sacrificial altar of Ru.
  7076 | D:6      | Found an iron altar of Okawaru.
  7435 | D:7      | Noticed Menkaure
  7471 | D:7      | Killed Menkaure
  7472 | D:7      | Reached skill level 6 in Long Blades
  7472 | D:7      | Reached skill level 2 in Invocations
  7472 | D:7      | Reached XP level 9. HP: 34/60 MP: 10/10
  7736 | D:7      | Found a blossoming altar of Fedhas.
  7737 | D:7      | Upgraded the game from 0.28-a0-1505-g8c907de6ad to
                  | 0.28-a0-1510-gd0f6b136d3
  7820 | D:7      | Found a radiant altar of Vehumet.
  7854 | D:7      | Reached skill level 5 in Fighting
  8400 | D:8      | Reached skill level 9 in Stealth
  8638 | D:8      | Reached * piety under Dithmenos
  8731 | D:8      | Noticed a two-headed ogre
  8761 | D:8      | Killed a two-headed ogre
  8762 | D:8      | Reached skill level 1 in Throwing
  8762 | D:8      | Reached skill level 4 in Transmutations
  8762 | D:8      | Reached skill level 4 in Earth Magic
  8762 | D:8      | Reached skill level 3 in Invocations
  8778 | D:8      | Reached skill level 5 in Dodging
  8830 | D:8      | Found a shimmering altar of Xom.
  8834 | D:8      | Found a shimmering altar of Xom.
  8835 | D:8      | Found a shimmering altar of Xom.
  8835 | D:8      | Found a shimmering altar of Xom.
  8835 | D:8      | Found a shimmering altar of Xom.
  8835 | D:8      | Found a shimmering altar of Xom.
  8836 | D:8      | Found a shimmering altar of Xom.
  9163 | D:8      | Reached skill level 4 in Shields
  9177 | D:8      | Reached skill level 7 in Long Blades
  9178 | D:8      | Reached XP level 10. HP: 67/67 MP: 9/12
  9216 | D:8      | Reached skill level 2 in Throwing
  9292 | D:8      | Noticed a gargoyle
  9306 | D:8      | Killed a gargoyle
  9345 | D:8      | Reached ** piety under Dithmenos
  9360 | D:8      | Found a staircase to the Lair.
  9460 | D:8      | Found an opulent altar of Gozag.
  9460 | D:8      | Found a sparkling altar of Nemelex Xobeh.
  9745 | D:9      | Found a white marble altar of Elyvilon.
  9800 | D:9      | Reached skill level 4 in Invocations
  9849 | D:9      | Reached skill level 6 in Fighting
 10093 | D:9      | Reached skill level 10 in Stealth
 10379 | D:10     | Entered Level 10 of the Dungeon
 10425 | D:10     | Reached skill level 8 in Long Blades
 10425 | D:10     | Reached skill level 3 in Throwing
 10425 | D:10     | Reached skill level 5 in Earth Magic
 10437 | D:10     | Reached skill level 5 in Transmutations
 10466 | D:10     | HP: 3/68 [water moccasin (8)]
 10467 | D:10     | HP: 1/68 [water moccasin (7)]
 10467 | D:10     | Slain by a water moccasin

Illustrated notes

Levels and vault maps discovered:
D:1:      dpeg_arrival_water_altar, layout_rooms,
          chequers_serial_rivers_micro_c, serial_bayou_lagoon_a
D:2:      layout_basic
D:3:      layout_rooms, amethyst_killhole, wad_orctagon
D:4:      layout_cave_pods, yredelemnul_altar_generic,
          gammafunk_ghost_abyssal_escape, st_stairs_8, uniq_sigmund
D:5:      kennysheep_kobold_camp, layout_basic, minmay_temple_entry_sparse_star
D:6:      layout_rooms, minitemple, kennysheep_decorative_pillar,
          chequers_avenue
D:7:      layout_basic, mainiacjoe_overflow_tiny_flanked, vehumet_statue,
          roderic_filled_cross, serial_park_tiny_2, uniq_menkaure
D:8:      minmay_evil_eye, layout_rooms, grunt_temple_overflow_opulence,
          nicolae_xom_altar_mimics
D:9:      layout_roguey, nicolae_elyvilon_peaceful_grove, serial_bayou,
          serial_bayou_ford_a, serial_bayou_lagoon_b, serial_bayou_pond_e,
          serial_bayou_pond_e, minmay_stone_trees_medium
D:10:     lemuel_reptile_caves, layout_long_grid, grunt_temple_overflow_diamond,
          david_orc_5, bh_walls_and_bars
Temple:   dpeg_chambers_temple

Skill      XL: |  1  2  3  4  5  6  7  8  9 10 |
---------------+-------------------------------+-----
Long Blades    | 3 4 5 6 7 8 |  8.2
Stealth        | 7 8 9 10 | 10.0
Dodging        | 3 4 5 |  5.8
Shields        | 1 2 3 4 |  4.0
Transmutations | 1 2 3 4 5 |  5.1
Earth Magic    | 1 2 3 4 5 |  5.1
Fighting       | 4 5 6 |  6.2
Invocations    | 2 3 4 |  4.4
Throwing       | 1 3 |  3.2

Action                   |  1- 3 |  4- 6 |  7- 9 | 10-12 || total
-------------------------+-------+-------+-------+-------++-------
Melee: Falchion          |    76 |    96 |       |       ||   172
       Tentacles         |    16 |    24 |    31 |    34 ||   105
       Constrict         |    15 |    27 |    34 |    26 ||   102
       Dagger            |       |     4 |   175 |   130 ||   309
       Punch             |       |     1 |     4 |     3 ||     8
Throw: Dart              |       |       |    15 |       ||    15
 Cast: Passwall          |       |       |     2 |     1 ||     3
Evoke: Wand              |       |       |     6 |       ||     6
  Use: Scroll            |     1 |       |       |       ||     1
       Potion            |       |       |       |     3 ||     3
 Stab: Sleeping          |    21 |     9 |    15 |    18 ||    63
       Distracted        |       |     1 |     1 |       ||     2
Armor: Skin              |     3 |     4 |     2 |     2 ||    11
Dodge: Dodged            |    33 |    46 |   108 |    72 ||   259
Block: Buckler           |       |     8 |    44 |    27 ||    79

Table legend: (Time is in decaauts)
 A = Elapsed time spent in this place.
 B = Non-inter-level travel time spent in this place.
 C = Inter-level travel time spent in this place.
 D = Time resting spent in this place.
 E = Time spent auto-exploring this place.
 F = Levels seen in this place.
 G = Mean time per level.
                   A        B        C        D        E       F      G
               +--------+--------+--------+--------+--------+-----+--------+
         Total |  10451 |  10109 |    342 |   3352 |   5094 |  11 |  950.1 |
       Dungeon |  10244 |   9946 |    298 |   3352 |   4944 |  10 | 1024.4 |
        Temple |    206 |    163 |     43 |      0 |    150 |   1 |  206.0 |
               +--------+--------+--------+--------+--------+-----+--------+

Top non-repeatable levels by time:
     D:3: 1544 daAuts
     D:5: 1375 daAuts
     D:4: 1287 daAuts
     D:7: 1186 daAuts
     D:8: 1163 daAuts
     D:2: 1103 daAuts
     D:6: 1027 daAuts
     D:9: 812 daAuts
     D:1: 662 daAuts
  Temple: 206 daAuts
    D:10: 79 daAuts
